 Dungeon Crawl Stone Soup version 0.21-a0-153-g78480df (webtiles) character file.

690 4thArraOfDagon the Demonic Disaster (level 7, -5/52 HPs)
             Began as a Demonspawn Enchanter on Aug 1, 2017.
             Was a Believer of Qazlal.
             Killed by nerve-wracking pain
             ... invoked by a shadow imp
              (14 damage)
             ... on level 4 of the Dungeon.
             The game lasted 00:09:26 (3634 turns).

4thArraOfDagon the Demonic Disaster (DsEn)          Turns: 3634, Time: 00:09:27

Health: -5/52      AC:  5    Str:  8    XL:     7   Next: 36%
Magic:  19/19      EV: 12    Int: 18    God:    Qazlal [**....]
Gold:   158        SH:  3    Dex: 14    Spells: 7/10 levels left

rFire    . . .     SeeInvis .   B - +1 trident (venom)
rCold    + . .     Gourm    .   (no shield)
rNeg     . . .     Faith    +   f - +0 ring mail
rPois    .         Spirit   .   (helmet restricted)
rElec    .         Reflect  .   (no cloak)
rCorr    .         Harm     .   (no gloves)
MR       .....                  (no boots)
Stlth    +++.......             E - amulet of faith
HPRegen  0.17/turn              r - ring of magical power
MPRegen  0.16/turn              (no ring)

@: no status effects
A: antennae 1, cold resistance 1, nightstalker 2, powered by pain 1, wild magic
2, sturdy frame 1
a: Upheaval, Renounce Religion


You were on level 4 of the Dungeon.
You worshipped Qazlal.
Qazlal was pleased with you.
You were not hungry.

You visited 1 branch of the dungeon, and saw 5 of its levels.

You collected 238 gold pieces.
You spent 80 gold pieces at shops.

Inventory:

Hand Weapons
 a - a +1 dagger
 j - a +4 short sword
 m - a +3 hand axe
 B - a +1 trident of venom (weapon)
Armour
 b - a +0 robe
 f - a +0 ring mail (worn)
Jewellery
 r - a ring of magical power (left hand)
 t - an uncursed ring of fire
 y - a -5 ring of intelligence
 E - an amulet of faith (around neck)
Scrolls
 g - a scroll of remove curse
 k - a scroll of fear {unknown}
 n - 3 scrolls of immolation {unknown}
 o - 2 scrolls of teleportation {unknown}
 q - a scroll of magic mapping {unknown}
 s - a scroll of enchant armour {unknown}
 u - 7 scrolls of identify {unknown}
 v - 3 scrolls of random uselessness {unknown}
 x - a scroll of blinking {unknown}
 A - 2 scrolls of amnesia {unknown}
Potions
 e - a potion of agility {unknown}
 h - a potion of resistance {unknown}
 p - a potion of curing
 w - 2 potions of haste {unknown}
 z - a potion of mutation
 C - a potion of brilliance {unknown}
 D - a potion of degeneration {unknown}
Books
 c - a book of Maledictions

   Spells                             Type                      Level
   a - Corona                         Hexes                        1
   b - Ensorcelled Hibernation        Hexes/Ice                    2
   c - Confuse                        Hexes                        3
   d - Tukima's Dance                 Hexes                        3
   e - Dazzling Spray                 Conjuration/Hexes            3
Comestibles
 d - 6 bread rations
 i - a royal jelly
 l - 3 meat rations


   Skills:
 + Level 3.2 Fighting
 - Level 2.3 Short Blades
 + Level 3.2 Armour
 + Level 4.1 Dodging
 - Level 2.6 Stealth
 - Level 2.0 Spellcasting
 - Level 3.0 Hexes
 + Level 4.6 Invocations


You had 7 spell levels left.
You knew the following spells:

 Your Spells              Type           Power        Failure   Level  Hunger
a - Corona                Hex            ###....      19%         1    #......
b - Ensorcelled Hibernat  Hex/Ice        ##....       41%         2    ###....


Dungeon Overview and Level Annotations

Branches:
Dungeon (5/15)
 Temple: D:4-7

Altars:
Ashenzari
Elyvilon
Kikubaaqudgha
Qazlal

Shops:
D:4 *[%


Innate Abilities, Weirdness & Mutations

You have a pair of small antennae on your head.
You are significantly more attuned to the shadows.
You sometimes gain a little power by taking damage.
Your movements are slightly less encumbered by armour. (ER -2)
Your flesh is cold resistant. (rC+)
Your spells are harder to cast, but more powerful.


Message History

There is a stone staircase leading up here.
You see here 2 arrows.
Unknown command.
Unknown command.
The shadow imp barely misses you.
You climb upwards.
There is a stone staircase leading down here.
Unknown command.
Unknown command.
Unknown command.
You hit the shadow imp.
The shadow imp is moderately wounded.
The shadow imp gestures at you. Pain shoots through your body!
* * * LOW HITPOINT WARNING * * *
You hit the shadow imp.
The shadow imp is heavily wounded.
The shadow imp gestures at you. Pain shoots through your body!
You die...

.....#...#..........# #....#
....<#...'..........# #....#
.....#...#.......... #....#
.....###.######...########....#
########.##.###...###...#...###
...'..........................#
...#..........................#
...#...........§.5............#
...#..(.........@.)..<........#
########÷##.##.##.####..##..###
####.##+##.##.########..#####
#....'..........)...([..#....
#....#...........)......#....
#....#.∩................#....
########.##..####.####..###.##..#
.......#.#############..###.##..#
.......#...........#............#


You could see a shadow imp.

Vanquished Creatures
  A centaur (D:5)
  An ogre (D:4)
  A scorpion (D:4)
  A hound (D:4)
  A bullfrog skeleton (D:4)
  A jelly (D:5)
  3 orc priests (D:4)
  2 orc wizards (D:4)
  A worker ant (D:4)
  A hound skeleton (D:4)
  Robin (D:1)
  6 adders
  A shadow imp (D:4)
  2 oozes (D:1)
  A worm (D:2)
  3 dart slugs
  4 leopard geckos
  14 orcs
  3 giant cockroaches
  14 goblins
  9 hobgoblins
  4 jackals (D:2)
  4 kobolds
  2 quokkas (D:2)
  3 ball pythons
  8 bats
  7 frilled lizards
  2 quokka skeletons (D:4)
  10 rats
111 creatures vanquished.

Notes
Turn   | Place    | Note
-------+----------+-------------------------------------------
     0 | D:1      | 4thArraOfDagon the Demonspawn Enchanter began the quest for the Orb.
     0 | D:1      | Reached XP level 1. HP: 13/13 MP: 3/3
    67 | D:1      | Reached skill level 1 in Short Blades
   138 | D:2      | Gained mutation: Your movements are slightly less encumbered by armour. (ER -2) [demonic ancestry]
   138 | D:2      | Reached XP level 2. HP: 10/19 MP: 5/5
   259 | D:2      | Learned a level 2 spell: Ensorcelled Hibernation
   380 | D:2      | Reached XP level 3. HP: 19/24 MP: 6/6
   443 | D:2      | Found a stormy altar of Qazlal.
   487 | D:2      | Became a worshipper of Qazlal Stormbringer
   555 | D:2      | Found a white marble altar of Elyvilon.
   768 | D:1      | Reached skill level 1 in Invocations
   803 | D:1      | Gained mutation: You have a pair of small antennae on your head. [demonic ancestry]
   803 | D:1      | Reached XP level 4. HP: 16/31 MP: 7/7
  1097 | D:1      | Reached skill level 1 in Fighting
  1125 | D:2      | Noticed Robin
  1139 | D:1      | Killed Robin
  1139 | D:1      | Reached skill level 1 in Armour
  1155 | D:2      | Reached * piety under Qazlal
  1593 | D:3      | Found an ancient bone altar of Kikubaaqudgha.
  1737 | D:3      | Gained mutation: You are slightly more attuned to the shadows. [demonic ancestry]
  1737 | D:3      | Reached XP level 5. HP: 15/37 MP: 8/8
  2079 | D:3      | Reached ** piety under Qazlal
  2334 | D:4      | Gained mutation: Your flesh is cold resistant. (rC+) [potion of mutation]
  2334 | D:4      | Gained mutation: Scrolls take you a little longer to read. [potion of mutation]
  2334 | D:4      | Gained mutation: Your muscles are strong. (Str +2) [potion of mutation]
  2335 | D:4      | Lost mutation: Scrolls take you a little longer to read. [potion of mutation]
  2335 | D:4      | Lost mutation: Your muscles are strong. (Str +2) [potion of mutation]
  2335 | D:4      | Gained mutation: Your spells are a little harder to cast, but a little more powerful. [potion of mutation]
  2335 | D:4      | Gained mutation: Your spells are harder to cast, but more powerful. [potion of mutation]
  2574 | D:4      | Found Ciatanog's Antique Armour Shop.
  2604 | D:4      | Found a shattered altar of Ashenzari.
  2634 | D:4      | Found Hoigoinom's Antique Armour Boutique.
  2669 | D:4      | Found Ugainua's Food Emporium.
  2713 | D:4      | Gained mutation: You sometimes gain a little power by taking damage. [demonic ancestry]
  2713 | D:4      | Reached XP level 6. HP: 23/44 MP: 9/9
  2965 | D:5      | Entered Level 5 of the Dungeon
  3314 | D:4      | Found Zevve's Assorted Antiques.
  3322 | D:4      | Bought a scroll labeled PIQOAL VOONG for 20 gold pieces
  3322 | D:4      | Bought a scroll labeled DISOEWE HICIATH for 20 gold pieces
  3322 | D:4      | Bought a scroll labeled PIQOAL VOONG for 20 gold pieces
  3322 | D:4      | Bought a scroll labeled USTIASIAGA for 20 gold pieces
  3547 | D:4      | Gained mutation: You are significantly more attuned to the shadows. [demonic ancestry]
  3547 | D:4      | Reached XP level 7. HP: 51/51 MP: 10/10
  3634 | D:4      | Killed from afar by a shadow imp

Vault maps used:
D:1:      scummos_arrival_checkerplants, moated_statue
D:2:      lemuel_doored_altar, grunt_qazlal_sundering, uniq_robin
D:3:      nicolae_overflow_crystal_walls, minmay_randomly_rotated_circles
D:4:      ashenzari_conservatory_becter, serial_shops,
          nicolae_shop_overgrown_old_shop, shop, shop, shop, first_bread
D:5:      kb_forest_paths

Skill      XL: |  1  2  3  4  5  6  7 |
---------------+----------------------+-----
Short Blades   | 1 2 |  2.3
Dodging        | 2 3 4 |  4.1
Invocations    | 1 3 4 |  4.6
Fighting       | 1 2 3 |  3.2
Armour         | 1 2 3 |  3.2
Stealth        | |  2.6
Spellcasting   | |  2.0
Hexes          | |  3.0

Action                   |  1- 3 |  4- 6 |  7- 9 || total
-------------------------+-------+-------+-------++-------
Melee: Short sword       |    55 |    56 |       ||   111
       Dagger            |     4 |       |       ||     4
       Trident           |       |   169 |    16 ||   185
 Cast: Ensorcelled Hiber |     2 |     5 |       ||     7
       Corona            |     1 |       |       ||     1
Invok: Upheaval          |       |     3 |       ||     3
  Use: Scroll            |       |     1 |       ||     1
       Potion            |       |     5 |       ||     5
 Stab: Sleeping          |     7 |     3 |       ||    10
  Eat: Chunk             |       |     7 |       ||     7
       Royal jelly       |       |     1 |       ||     1
       Fruit             |       |     1 |       ||     1
Armor: Robe              |     5 |    13 |       ||    18
       Ring mail         |       |    14 |     1 ||    15
Dodge: Dodged            |    29 |   126 |     6 ||   161
Block: Other             |       |    13 |     1 ||    14
